 Dungeon Crawl Stone Soup version 0.27-a0-1196-g3e9cee4cb2 (webtiles) character file.

Game seed: 7356016151018457923

87 Morbidden the Firebug (level 4, 0/37 HPs)
             Began as a Deep Dwarf Fire Elementalist on May 29, 2021.
             Killed by divine providence
             ... invoked by an orc priest
              (14 damage)
             ... on level 3 of the Dungeon.
             The game lasted 00:03:50 (2499 turns).

Morbidden the Firebug (DDFE)                        Turns: 2499, Time: 00:03:51

Health: 0/37       AC:  3    Str: 11    XL:     4   Next: 28%
Magic:  11/16 (7)  EV: 16    Int: 17    God:
Gold:   35         SH:  0    Dex: 13    Spells: 6/7 levels left

rFire    . . .     SeeInvis .   b - +1 dagger (venom)
rCold    . . .     Faith    .   (no shield)
rNeg     . . .     Spirit   .   a - +0 robe
rPois    .         Reflect  .   (no helmet)
rElec    .         Harm     .   (no cloak)
rCorr    .         Rampage  .   (no gloves)
Will     .....                  o - +0 pair of boots
Stlth    ++........             k - amulet of magic regeneration
HPRegen  0.00/turn              q - +4 ring of evasion
MPRegen  0.40/turn              s - ring of magical power

@: very slightly contaminated
A: damage resistance, heal wounds, sense surroundings 1, no regeneration
a: Heal Wounds


You were on level 3 of the Dungeon.
You visited 1 branch of the dungeon, and saw 3 of its levels.

You collected 35 gold pieces.

Inventory:

Hand Weapons
 b - a +1 dagger of venom (weapon)
 l - a +0 arbalest
Missiles
 e - 12 poisoned darts (quivered)
 p - 17 bolts
Armour
 a - a +0 robe (worn)
 o - a +0 pair of boots (worn)
Jewellery
 g - a ring of fire
 k - an amulet of magic regeneration (around neck)
 q - a +4 ring of evasion (left hand)
 s - a ring of magical power (right hand)
Scrolls
 c - a scroll of summoning {unknown}
 d - a scroll of blinking {unknown}
 f - 2 scrolls of identify {unknown}
 i - a scroll of fear {unknown}
 m - a scroll of immolation {unknown}
 n - a scroll of brand weapon {unknown}
 r - a scroll of enchant armour {unknown}
Potions
 h - a potion of curing {unknown}
 j - a potion of attraction {unknown}


   Skills:
 * Level 0.8 Fighting
 + Level 2.4 Dodging
 + Level 2.7 Stealth
 * Level 2.4 Spellcasting
 * Level 1.6 Conjurations
 * Level 3.5 Fire Magic


You had 6 spell levels left.
You knew the following spells:

 Your Spells              Type           Power      Damage    Failure   Level
a - Foxfire               Conj/Fire      40%        2x1d6     6%          1

Your spell library contained the following spells:

 Spells                   Type           Power      Damage    Failure   Level
 Conjure Flame            Conj/Fire      10%        6-21      19%         3
 Inner Flame              Hex/Fire       8%         N/A       26%         3
 Sticky Flame             Conj/Fire      10%        2d3       54%         4
 Fireball                 Conj/Fire      5%         3d5       87%         5


Dungeon Overview and Level Annotations

Branches:
Dungeon (3/15)

Altars:


Innate Abilities, Weirdness & Mutations

You are resistant to damage.
You can heal yourself by infusing magical energy.
You passively map a small area around you.
You do not regenerate.


Message History

The orc priest is severely wounded.
The foxfire hits the orc priest but does no damage.
The orc priest is severely wounded.
Your magical contamination has completely faded away.
Unknown command.
Casting: Foxfire (safe; 6% risk of failure)
Confirm with . or Enter, or press ? or * to list all spells.
You miscast Foxfire.
You are very lightly contaminated with residual magic.
Nothing appears to happen.
The orc priest casts a cantrip, but nothing happens.
Casting: Foxfire (safe; 6% risk of failure)
Confirm with . or Enter, or press ? or * to list all spells.
You conjure some foxfire!
The orc priest misses you.
The foxfire hits the orc priest but does no damage.
The orc priest is severely wounded.
The foxfire hits the orc priest but does no damage.
The orc priest is severely wounded.
The orc priest mumbles some strange prayers to Beogh against you.
Beogh smites you! The orc priest closely misses you.
Unknown command.
Unknown command.
Casting: Foxfire (safe; 6% risk of failure)
Confirm with . or Enter, or press ? or * to list all spells.
You miscast Foxfire.
Nothing appears to happen.
The orc priest closely misses you.
Unknown command.
Casting: Foxfire (safe; 6% risk of failure)
Confirm with . or Enter, or press ? or * to list all spells.
You conjure some foxfire!
The orc priest hits you from afar with a +0 trident.
The orc priest closely misses you.
The foxfire hits the orc priest but does no damage.
The orc priest is severely wounded.
The foxfire hits the orc priest.
The orc priest is lightly wounded.
The orc priest closely misses you.
The orc priest mumbles some strange prayers to Beogh against you.
Beogh smites you!
You die...

##.......##....##...,
........#.##..##.#..
*#.....#.#.#..#.#.#..
* #.....##.#....#.#
..
#....#.##......##.#.,
##..#.#..........#.#
#..##..........))## ,
#.#........ยง.......
* #..........@.o.....
###########o....... *
#########


You could see 2 orc priests.

Vanquished Creatures
  4 adders
  2 worms
  2 dart slugs
  3 orcs (D:3)
  4 bats
  6 endoplasms
  A giant cockroach (D:2)
  A hobgoblin (D:3)
  A ball python (D:3)
  3 frilled lizards
  4 goblins
  6 kobolds
  2 rats
39 creatures vanquished.

Vanquished Creatures (others)
  153 foxfires
153 creatures vanquished.

Grand Total: 192 creatures vanquished

Notes
Turn   | Place    | Note
-------+----------+-------------------------------------------
     0 | D:1      | Morbidden the Deep Dwarf Fire Elementalist began the quest
                  | for the Orb.
     0 | D:1      | Reached XP level 1. HP: 15/15 MP: 3/3
   293 | D:1      | Reached skill level 3 in Fire Magic
   317 | D:1      | Found a faded altar of an unknown god.
   361 | D:1      | Reached XP level 2. HP: 22/22 MP: 1/4
   788 | D:1      | Reached skill level 1 in Conjurations
   886 | D:1      | You fall into a shaft and drop 1 floor!
  1499 | D:2      | Reached XP level 3. HP: 30/30 MP: 3/5
  2396 | D:3      | Reached XP level 4. HP: 32/37 MP: 5/7
  2499 | D:3      | Killed from afar by an orc priest

Illustrated notes

Levels and vault maps discovered:
D:1:      erik_arrival_cave_to_civilisation [erik_arrival_cave_to_hall],
          layout_loops_corners, ebering_ecumenical_altar_abandoned,
          minmay_misc_feat_room
D:2:      layout_loops_corners
D:3:      layout_loops_ring, minmay_misc_feat_secret_circle, uniq_robin

Skill      XL: |  1  2  3 |
---------------+----------+-----
Fire Magic     | 3 |  3.5
Conjurations   | 1 |  1.6
Spellcasting   | 2 |  2.4
Fighting       | |  0.8
Dodging        | |  2.4
Stealth        | |  2.7

Action                   |  1- 3 |  4- 6 || total
-------------------------+-------+-------++-------
Melee: Dagger            |     1 |       ||     1
 Cast: Foxfire           |    78 |    17 ||    95
Armor: Robe              |     6 |       ||     6
Dodge: Dodged            |    11 |     6 ||    17

Table legend: (Time is in decaauts)
 A = Elapsed time spent in this place.
 B = Non-inter-level travel time spent in this place.
 C = Inter-level travel time spent in this place.
 D = Time resting spent in this place.
 E = Time spent auto-exploring this place.
 F = Levels seen in this place.
 G = Mean time per level.
                   A        B        C        D        E       F      G
               +--------+--------+--------+--------+--------+-----+--------+
         Total |   2498 |   2464 |     34 |      0 |   2024 |   3 |  832.7 |
       Dungeon |   2498 |   2464 |     34 |      0 |   2024 |   3 |  832.7 |
               +--------+--------+--------+--------+--------+-----+--------+

Top non-repeatable levels by time:
     D:1: 1259 daAuts
     D:2: 958 daAuts
     D:3: 280 daAuts
